 Dungeon Crawl Stone Soup version 0.19-a0-1720-gc855d72 (webtiles) character file.

125 Amnesiac the Sneak (level 4, -4/30 HPs)
             Began as a Vampire Earth Elementalist on Sept 29, 2016.
             Was an Initiate of Gozag.
             Killed by miscasting Petrify (11 damage)
             ... on level 3 of the Dungeon.
             The game lasted 00:08:25 (3297 turns).

Amnesiac the Sneak (Vampire Earth Elementalist)     Turns: 3297, Time: 00:08:25

Health: -4/30      AC:  5    Str:  7    XL:     4   Next: 82%
Magic:  3/7        EV: 13    Int: 17    God:    Gozag
Gold:   152        SH:  0    Dex: 15    Spells: 3 memorised, 0 levels left

rFire  . . .     SeeInvis +     i - +0 dagger
rCold  + . .     Gourm    .     c - +0 robe
rNeg   + + .     Faith    .     (no shield)
rPois  +         Spirit   .     (no helmet)
rElec  .         Dismiss  .     (no cloak)
rCorr  .         Reflect  .     a - +0 pair of gloves
MR     .....     Harm     .     t - +0 pair of boots
Stlth  +++.......               (no amulet)
                                (no ring)
                                k - ring of flight

@: very slightly contaminated, regenerating slowly
A: fangs 3, see invisible, unbreathing
a: Bat Form, Potion Petition, Call Merchant, Bribe Branch, Renounce Religion,
Evoke Flight


You were on level 3 of the Dungeon.
You worshipped Gozag.
Gozag was aware of your devotion.
You were very thirsty.

You visited 2 branches of the dungeon, and saw 5 of its levels.

You collected 210 gold pieces.
You paid 58 gold pieces to Gozag.

Inventory:

Hand Weapons
 i - a +0 dagger (weapon)
Missiles
 b - 136 stones (quivered)
Armour
 a - a +0 pair of gloves (worn)
 c - a +0 robe (worn)
 t - a +0 pair of boots (worn)
Jewellery
 k - a ring of flight (left hand)
 s - an uncursed ring of protection from fire {unknown}
 y - an uncursed ring of ice {unknown}
Scrolls
 f - 2 scrolls of fear {unknown}
 j - 3 scrolls of random uselessness {unknown}
 l - 4 scrolls of remove curse {unknown}
 p - a scroll of fog {unknown}
 q - a scroll of amnesia {unknown}
 u - 2 scrolls of enchant armour {unknown}
 v - a scroll of identify {unknown}
Potions
 d - 4 potions of blood
 g - a potion of flight {unknown}
 h - a potion of haste {unknown}
 m - 2 potions of magic {unknown}
 n - a potion of cure mutation {unknown}
 o - 2 potions of might {unknown}
 r - a potion of cancellation {unknown}
 w - a potion of heal wounds {unknown}
 x - a potion of degeneration {unknown}
Books
 e - a book of Geomancy

   Spells                             Type                      Level
   a - Sandblast                      Earth                        1
   b - Passwall                       Transmutation/Earth          2
   c - Stone Arrow                    Conjuration/Earth            3
   d - Petrify                        Transmutation/Earth          4
   e - Lee's Rapid Deconstruction     Earth                        5


   Skills:
 - Level 3.0 Short Blades
 - Level 2.1 Dodging
 - Level 5.0 Stealth
 - Level 2.0 Spellcasting
 + Level 2.8 Transmutations
 - Level 3.0 Earth Magic


You couldn't memorise any spells.
You knew the following spells:

 Your Spells              Type           Power        Failure   Level  Hunger
e - Petrify               Tmut/Erth      ##......     71%         4    #####..
f - Sandblast             Erth           ##....       6%          1    #......
v - Passwall              Tmut/Erth      ##........   12%         2    ###....


Dungeon Overview and Level Annotations

Branches:
Dungeon (4/15)             Temple (1/1) D:4

Altars:
Elyvilon
Fedhas
Gozag
Hepliaklqana
Kikubaaqudgha
Nemelex Xobeh
Okawaru
Ru
Trog
Uskayaw
Xom
Yredelemnul
Zin
Jiyva

Annotations:
D:3 DEFE's ghost, amateur HaSk
D:4 exclusion: bullfrog


Innate Abilities, Weirdness & Mutations

You heal slowly.
You have razor-sharp teeth.
You have supernaturally acute eyesight. (SInv)
You can survive without breathing.


Message History

Casting: Petrify
Confirm with . or Enter, or press ? or * to list all spells.
The spell is very dangerous to cast!
Continue anyway? [Y]es or [N]o only, please.
The spell is very dangerous to cast!
Continue anyway?
Okay, then.
Unknown command.
Casting: Petrify
Confirm with . or Enter, or press ? or * to list all spells.
The spell is very dangerous to cast!
Continue anyway? [Y]es or [N]o only, please.
The spell is very dangerous to cast!
Continue anyway?
Aiming: Petrify
Press: ? - help, Shift-Dir - straight line, f - hobgoblin
Aim: a hobgoblin, wielding a club (chance to defeat MR: 60%)
You miscast Petrify.
You are very lightly contaminated with residual magic.
You are hit by flying rocks!
You die...
Your body crumbles into a pile of gold.

#.....###.......#
##.###.##.........
#..# #.b'.........
##.###.##.........
#.....###.......#
###.### ##.....##
#g# #...## #.#
#####+## #@#
##...#.#
#.###.###..#
#..[..# #..##
#####.###...##
##.......#
##......##
#......#######
#.............
#......######


You could see a hobgoblin.

Vanquished Creatures
  A worker ant (D:4)
  3 adders
  An ooze (D:1)
  A worm (D:2)
  3 dart slugs
  3 leopard geckos
  2 orcs
  A ball python (D:2)
  2 bat skeletons (D:2)
  A bat zombie (D:2)
  3 giant cockroaches
  7 goblins
  6 hobgoblins
  3 kobolds (D:1)
  A quokka (D:2)
  7 bats
  3 frilled lizards
  8 rats
56 creatures vanquished.

Notes
Turn   | Place    | Note
-------+----------+-------------------------------------------
     0 | D:1      | Amnesiac the Vampire Earth Elementalist began the quest for the Orb.
     0 | D:1      | Reached XP level 1. HP: 13/13 MP: 3/3
   172 | D:1      | Reached skill level 4 in Stealth
   240 | D:2      | Reached XP level 2. HP: 16/19 MP: 5/5
   267 | D:2      | Found a basalt altar of Yredelemnul.
   356 | D:2      | Learned a level 2 spell: Passwall
   585 | D:3      | Reached skill level 5 in Stealth
   648 | D:4      | Noticed a bullfrog
   687 | D:4      | Reached skill level 1 in Short Blades
   687 | D:4      | Reached XP level 3. HP: 24/24 MP: 6/6
   781 | D:4      | Found a staircase to the Ecumenical Temple.
   814 | Temple   | Entered the Ecumenical Temple
  1051 | D:3      | Noticed DEFE's ghost (amateur HaSk)
  1184 | D:2      | Reached XP level 4. HP: 30/30 MP: 7/7
  1393 | D:1      | Learned a level 4 spell: Petrify
  1792 | Temple   | Became a worshipper of Gozag Ym Sagoz the Greedy
  2625 | D:2      | Found a sparkling altar of Nemelex Xobeh.
  2945 | D:2      | Found an ancient bone altar of Kikubaaqudgha.
  2962 | D:2      | You fall through a shaft!
  3297 | D:3      | Killed by miscasting Petrify

Vault maps used:
D:1:      dpeg_arrival_stone_temple_mockup
D:2:      kennysheep_vampire_church, yredelemnul_altar_generic,
          nemelex_xobeh_ov_fountains_minmay
D:4:      kennysheep_cross_bottleneck
Temple:   pf_slime_end_temple

Skill      XL: |  1  2  3  4 |
---------------+-------------+-----
Stealth        | 4 5 |  5.0
Short Blades   | 1 2 3 |  3.0
Transmutations | 2 |  2.8
Dodging        | |  2.1
Spellcasting   | |  2.0
Earth Magic    | |  3.0

Action                   |  1- 3 |  4- 6 || total
-------------------------+-------+-------++-------
Melee: Dagger            |    69 |   162 ||   231
       Bite              |     5 |    12 ||    17
 Cast: Sandblast         |    17 |     1 ||    18
       Passwall          |     1 |     2 ||     3
       Petrify           |       |     2 ||     2
  Use: Potion            |       |     1 ||     1
 Stab: Sleeping          |     8 |    12 ||    20
       Distracted        |       |     1 ||     1
       Petrified         |       |     1 ||     1
Armor: Robe              |    24 |    47 ||    71
Dodge: Dodged            |    42 |   108 ||   150
